 Dungeon Crawl Stone Soup version 0.23.1 (webtiles) character file.

Game seed: 0

4849 LLavrengius the Fighter (level 10, -6/76 HPs)
             Began as an Octopode Transmuter on Mar 4, 2019.
             Was an Initiate of Gozag.
             Mangled by an orc warrior
             ... wielding a +0 dire flail of venom
              (25 damage)
             ... on level 8 of the Dungeon.
             The game lasted 00:47:36 (14548 turns).

LLavrengius the Fighter (Octopode Transmuter)      Turns: 14548, Time: 00:47:37

Health: -6/76      AC:  2    Str:  9    XL:     10   Next: 49%
Magic:  19/20      EV: 22    Int: 18    God:    Gozag
Gold:   803        SH:  0    Dex: 19    Spells: 17/23 levels left

rFire    . . .     SeeInvis .     - Unarmed
rCold    . . .     Gourm    .   (shield currently unavailable)
rNeg     + . .     Faith    .   (helmet currently unavailable)
rPois    x         Spirit   .   (no amulet)
rElec    .         Reflect  .   p - ring of positive energy
rCorr    .         Harm     .   (no ring)
MR       .....                  (no ring)
Stlth    ++........             (no ring)
HPRegen  0.22/turn              (no ring)
MPRegen  0.17/turn              (no ring)
                                (no ring)
                                (no ring)

@: spider-form, starving
A: tiny, almost no armour, stealthy swim, (amphibious), 8 rings, (constrict 8)
a: End Transformation, Potion Petition, Call Merchant, Bribe Branch, Renounce
Religion


You were on level 8 of the Dungeon.
You worshipped Gozag.
Gozag was pleased with you.
You were starving.
You were a venomous arachnid creature.
You visited 2 branches of the dungeon, and saw 9 of its levels.
You also visited: Ossuary and Bailey.

You collected 901 gold pieces.
You paid 98 gold pieces to Gozag.

Inventory:

Hand Weapons
 f - a +0 spear
 r - a +4 dagger of piercing
 F - a +4 antimagic trident
Missiles
 a - 100 arrows
 C - 2 tomahawks (quivered)
Jewellery
 p - a ring of positive energy (left front leg)
 E - an uncursed ring of ice
Wands
 B - a wand of iceblast (4)
Scrolls
 h - a scroll of identify
 l - a scroll of blinking
 o - a scroll of enchant armour
 u - a scroll of fear
 v - a scroll of fog
Potions
 b - a potion of lignification
 d - a potion of brilliance
 e - a potion of flight {unknown}
 g - 2 potions of haste
 i - 2 potions of mutation {unknown}
 j - 2 potions of berserk rage
 k - 3 potions of curing
 m - 4 potions of heal wounds
 n - a potion of invisibility {unknown}
 q - a potion of degeneration {unknown}
 s - 2 potions of cancellation {unknown}
 z - 2 potions of agility
 D - 2 potions of magic {unknown}
Comestibles
 c - 11 rations


   Skills:
 - Level 10.0 Fighting
 + Level 4.0 Dodging
 + Level 3.0 Unarmed Combat
 + Level 7.1 Spellcasting
 - Level 8.0 Transmutations


You had 17 spell levels left.
You knew the following spells:

 Your Spells              Type           Power        Failure   Level  Hunger
a - Beastly Appendage     Tmut           #####.       3%          1    None
b - Sticks to Snakes      Tmut           #####...     3%          2    None
c - Spider Form           Tmut/Pois      ###.......   17%         3    ##.....

Your spell library contained the following spells:

 Spells                   Type           Power        Failure   Level  Hunger
 Confusing Touch          Hex            #.....       26%         1    None
 Infusion                 Chrm           #...         26%         1    None
 Magic Dart               Conj           #...         26%         1    None
 Blade Hands              Tmut           #####.....   26%         5    #####..
 Ensorcelled Hibernation  Hex/Ice        #.....       34%         2    None
 Searing Ray              Conj           #.....       34%         2    None
 Ice Form                 Ice/Tmut       ###.....     41%         4    ####...
 Dazzling Spray           Conj/Hex       #.....       54%         3    ##.....
 Ozocubu's Armour         Chrm/Ice       #.......     54%         3    ##.....
 Summon Guardian Golem    Hex/Summ       #.......     54%         3    ##.....
 Force Lance              Conj/Tloc      #.......     87%         4    ####...
 Fulminant Prism          Conj/Hex       #.........   87%         4    ####...
 Iskenderun's Mystic Bla  Conj           #.......     87%         4    ####...


Dungeon Overview and Level Annotations

Branches:
Dungeon (8/15)             Temple (1/1) D:6
   Lair: D:8-11

Altars:
Ashenzari
Cheibriados
Dithmenos
Elyvilon
Fedhas
Gozag
Hepliaklqana
Makhleb
Nemelex Xobeh
Qazlal
Ru
Sif Muna
Wu Jian
Xom
Zin

Shops:
D:7 *

Annotations:
D:5 Grinder


Innate Abilities, Weirdness & Mutations

You cannot wear most types of armour.
You are very stealthy in the water. (Stealth+)
((You are amphibious.))
You can wear up to eight rings at the same time.
((You can use your tentacles to constrict eight enemies at once.))
((Your skin changes colour to match your surroundings (Stealth+).))
((Your rubbery body absorbs attacks. (AC +1, EV +1)))


Message History

The orc warrior hits you with a +0 dire flail of venom!
* * * LOW HITPOINT WARNING * * *
You are more poisoned.
The orc closely misses you.
You feel better. The hungry ghost hits you.
* * * LOW HITPOINT WARNING * * *
You feel somewhat more hungry.
As you read the scroll labeled QEUHA FUIDADU, it crumbles to dust.
You feel aware of your surroundings.
You sensed 1 altar.
It was a scroll of magic mapping.
The orc warrior misses you. The orc closely misses you.
The hungry ghost hits you.
* * * LOW HITPOINT WARNING * * *
You are starving!
As you read the scroll labeled FEWNAU BECAYD, it crumbles to dust.
It is a scroll of brand weapon.
Your +4 dagger emits a brilliant flash of light!
r - a +4 dagger of piercing The orc warrior hits you with a +0 dire flail of venom!!
You die...
Your body crumbles into a pile of gold.

,,,,,,,,......§...#..####,,*,****
,*,***.#,....##....o.....,,,,,,,,
,,,,,,...##.........>....,,,,,,,,
,,,***...........<#.?#.#**,******
,,,,,,........o..........,,,,****
**,*****,##.≈≈o§≈≈≈.W#.##*,,,,,,,
*,*****,*#.≈##§##≈..#,**********
*,,,,,,....≈#ooW#≈.....,,,,,,,,,
*,****#.##.≈#§os#≈.##.#,********
*,,,,..,,.o≈#§§§#≈.#*.#,* *
*****#*,##oo#####≈.#*,#,*
*,*ooo≈≈≈≈≈≈,**,*,* ******
*,*...,,,,,,,**,*,*
,,,,,***,*,,,***,,*,**,*,*
,,,,,,,,,,,,,,,,,,,,,,,*,********
,,,,,,,,,,,,,,,,,,,,,,,,,,,,,,,,,
****************,,*,****,,,,,,,,,


You could see a hungry ghost (inner flame), an orc warrior (inner flame) and 2
orcs.

Vanquished Creatures
  An orc knight (Bailey)
  2 kobold demonologists (Bailey)
  Prince Ribbit (D:5)
  A hippogriff (D:7)
  Eustachio (D:5)
  Menkaure (D:7)
  10 orc warriors (Bailey)
  An ice beast (D:6)
  A phantom (D:5)
  An ogre (D:6)
  3 centaurs
  4 bullfrogs
  6 water moccasin zombies
  2 howler monkeys
  5 electric eels (Bailey)
  3 crimson imps (D:6)
  3 hounds (D:6)
  An orc priest (D:3)
  An iguana (D:6)
  4 orc wizards
  5 worker ants
  4 big kobold zombies (Ossuary)
  2 mummies (Ossuary)
  A hound skeleton (D:4)
  A worker ant zombie (D:7)
  11 gnolls
  9 adders
  A shadow imp (D:5)
  5 adder zombies
  2 adder skeletons
  3 worms
  4 dart slugs
  5 leopard geckos
  24 orcs
  4 ball pythons
  12 bats
  4 giant cockroaches
  19 goblins
  18 hobgoblins
  8 jackals (D:3)
  8 kobolds
  A quokka (D:7)
  A ball python skeleton (D:5)
  2 frilled lizards
  A gnoll zombie (Ossuary)
  A goblin zombie (D:4)
  3 hobgoblin zombies (Ossuary)
  3 kobold zombies (Ossuary)
  7 orc zombies (Ossuary)
  8 rats
  A rat zombie (D:4)
230 creatures vanquished.

Vanquished Creatures (collateral kills)
  A jelly (D:7)
1 creature vanquished.

Grand Total: 231 creatures vanquished

Notes
Turn   | Place    | Note
-------+----------+-------------------------------------------
     0 | D:1      | LLavrengius the Octopode Transmuter began the quest for the
                  | Orb.
     0 | D:1      | Reached XP level 1. HP: 13/13 MP: 3/3
    82 | D:1      | Reached XP level 2. HP: 1/18 MP: 5/5
   929 | D:1      | Reached XP level 3. HP: 22/23 MP: 6/6
  1975 | D:2      | HP: 1/23 [orc priest/nerve-wracking pain (4)]
  2381 | D:3      | Reached XP level 4. HP: 27/28 MP: 7/7
  2386 | D:3      | Learned a level 2 spell: Sticks to Snakes
  2390 | D:3      | Learned a level 3 spell: Spider Form
  2407 | D:3      | Noticed a phantom
  2428 | D:3      | Found an ornate altar of the Wu Jian Council.
  2839 | D:3      | Reached skill level 5 in Transmutations
  2839 | D:3      | Reached XP level 5. HP: 15/33 MP: 0/8
  3726 | D:3      | Reached skill level 2 in Fighting
  3726 | D:3      | Reached XP level 6. HP: 21/39 MP: 9/9
  4336 | D:4      | Found a sparkling altar of Nemelex Xobeh.
  4533 | D:4      | Found a blossoming altar of Fedhas.
  4828 | D:4      | Found a sand-covered staircase.
  4844 | Ossuary  | Entered an ossuary
  4865 | Ossuary  | Reached skill level 3 in Fighting
  4955 | Ossuary  | Reached XP level 7. HP: 12/47 MP: 10/10
  5218 | Ossuary  | Reached skill level 4 in Fighting
  6053 | D:5      | Entered Level 5 of the Dungeon
  6551 | D:5      | Reached skill level 5 in Fighting
  6551 | D:5      | Reached XP level 8. HP: 7/55 MP: 1/11
  6781 | D:5      | Noticed Grinder
  6915 | D:5      | Found a hazy altar of Hepliaklqana.
  6917 | D:5      | Noticed Prince Ribbit
  6936 | D:5      | Killed Prince Ribbit
  7288 | D:6      | Reached skill level 6 in Fighting
  8285 | D:5      | Noticed Eustachio
  8306 | D:5      | Killed Eustachio
  8306 | D:5      | Reached skill level 7 in Fighting
  8596 | D:6      | Reached XP level 9. HP: 37/64 MP: 7/13
  9150 | D:6      | Found a staircase to the Ecumenical Temple.
  9158 | Temple   | Entered the Ecumenical Temple
  9251 | Temple   | Became a worshipper of Gozag Ym Sagoz the Greedy
  9752 | D:7      | Noticed Menkaure
  9838 | D:7      | Killed Menkaure
 10331 | D:7      | Reached skill level 8 in Fighting
 10532 | D:7      | Found Zin's Purification Station.
 10537 | D:7      | Found a glowing silver altar of Zin.
 11070 | D:7      | Found a snail-covered altar of Cheibriados.
 11071 | D:7      | Found a stormy altar of Qazlal.
 11242 | D:7      | Found a shimmering altar of Xom.
 11764 | D:8      | Found a flagged portal.
 11827 | Bailey   | Entered a bailey
 12010 | Bailey   | Reached skill level 5 in Spellcasting
 12798 | Bailey   | Reached skill level 9 in Fighting
 12853 | Bailey   | Reached XP level 10. HP: 53/74 MP: 16/18
 12963 | Bailey   | Noticed a kobold demonologist
 12968 | Bailey   | Noticed a kobold demonologist
 12970 | Bailey   | Noticed a soul eater
 12971 | Bailey   | Noticed an orange demon
 12986 | Bailey   | Killed a kobold demonologist
 13431 | Bailey   | Noticed an orc knight
 13456 | Bailey   | Killed an orc knight
 14129 | Bailey   | Found an iron altar of Okawaru.
 14146 | Bailey   | Killed a kobold demonologist
 14161 | Bailey   | Reached skill level 10 in Fighting
 14407 | Bailey   | Identified the Incunabulum of Boosts and Beguiling
 14548 | D:8      | Mangled by an orc warrior

Skill      XL: |  1  2  3  4  5  6  7  8  9 10 |
---------------+-------------------------------+-----
Transmutations | 3 4 5 6 7 8 |  8.0
Fighting       | 2 3 5 7 9 10 | 10.0
Dodging        | 3 4 |  4.0
Spellcasting   | 5 7 |  7.1
Unarmed Combat | |  3.0

Action                   |  1- 3 |  4- 6 |  7- 9 | 10-12 || total
-------------------------+-------+-------+-------+-------++-------
Melee: Unarmed           |    91 |    99 |   232 |   128 ||   550
       Constrict         |    29 |    47 |    62 |    13 ||   151
       Tentacles         |    15 |    29 |    61 |    12 ||   117
       Kick              |       |     5 |     9 |     3 ||    17
       Punch             |       |     5 |     9 |       ||    14
       Dagger            |       |    62 |   269 |     2 ||   333
Throw: Tomahawk          |       |       |     1 |       ||     1
 Cast: Beastly Appendage |     2 |     3 |     2 |     1 ||     8
       Spider Form       |       |     2 |    23 |     9 ||    34
       Sticks to Snakes  |       |       |     2 |       ||     2
 Abil: End Transformatio |       |       |       |     1 ||     1
Evoke: Wand              |       |       |       |    12 ||    12
  Use: Scroll            |       |     7 |     4 |     7 ||    18
       Potion            |       |       |     4 |     1 ||     5
 Stab: Sleeping          |     4 |    10 |     7 |       ||    21
       Distracted        |       |       |       |     1 ||     1
  Eat: Chunk             |     3 |     8 |    11 |       ||    22
       Ration            |       |     1 |     5 |     1 ||     7
Armor: Skin              |    14 |    11 |     8 |     1 ||    34
Dodge: Dodged            |    67 |   108 |   350 |    79 ||   604
